EL
READING PHILLIES @ PORTLAND SEA DOGS
04/09/2054
 
TOP OF THE 1ST
Richmond Flying Squirrels batting - Pitching for New Britain Rock Cats : LHP Yoshiiku Mori
Pitching: LHP Yoshiiku Mori
Batting: RHB Frank Jackson 0-0: Ball
1-0: Ball
2-0: Foul Ball, location: 2F
2-1: Swinging Strike
2-2: Strikes out swinging
Batting: RHB Bob Adams 0-0: Called Strike
0-1: Fly out, F9 (Flyball, 9, EV 80.0 MPH)
Batting: LHB Kelvin Carroll 0-0: Ball
1-0: Ball
2-0: Foul Ball, location: 2F
2-1: Foul Ball, location: 2F
2-2: Foul Ball, location: 2F
2-2: Foul Ball, location: 2F
2-2: Ball
3-2: Foul Ball, location: 2F
3-2: Base on Balls
Batting: RHB Morihiro Tanaka 0-0: Ball
1-0: Called Strike
1-1: Ball
2-1: SINGLE (Groundball, 6D, EV 101.9 MPH)
Kelvin Carroll to second
Batting: LHB Ángel Castillo 0-0: Ball
1-0: Foul Ball, location: 2F
1-1: Swinging Strike
1-2: Strikes out swinging
Top of the 1st over - 0 runs, 1 hit, 0 errors, 2 left on base; Richmond 0 - New Britain 0
BOTTOM OF THE 1ST
New Britain Rock Cats batting - Pitching for Richmond Flying Squirrels : LHP Ángel Rivera
Pitching: LHP Ángel Rivera
Batting: RHB Bill McKeown 0-0: Foul Ball, location: 2F
0-1: DOUBLE (Groundball, 5L, EV 103.8 MPH)
Batting: RHB Brit Cherry 0-0: Ball
1-0: Ball
2-0: Foul Ball, location: 2F
2-1: Ball
3-1: Base on Balls
Batting: RHB Matt Cole 0-0: Ball
1-0: Called Strike
1-1: Ball
2-1: SINGLE (Line Drive, 6M, EV 94.4 MPH)
Bill McKeown to third
Brit Cherry to second
Batting: SHB Ramón Crus 0-0: Ball
Passed Ball!
Bill McKeown scores
Brit Cherry to third
Matt Cole to second
1-0: Called Strike
1-1: Ball
2-1: 3-RUN HOME RUN (Flyball, 78XD, EV 105.0 MPH), Distance : 399 ft
Batting: RHB César Medina 0-0: Ball
1-0: Ground out 1-3 (Groundball, 13S, EV 74.4 MPH)
Batting: LHB Kenshin Yamanaka 0-0: Called Strike
0-1: Ball
1-1: Foul Ball, location: 2F
1-2: Ground out 6-3 (Groundball, 6M, EV 102.5 MPH)
Batting: RHB Reid O'Rourke 0-0: Ball
1-0: Ball
2-0: Foul Ball, location: 2F
2-1: Foul Ball, location: 2F
2-2: Foul Ball, location: 2F
2-2: Strikes out swinging
Bottom of the 1st over - 4 runs, 3 hits, 0 errors, 0 left on base; Richmond 0 - New Britain 4
TOP OF THE 2ND
Richmond Flying Squirrels batting - Pitching for New Britain Rock Cats : LHP Yoshiiku Mori
Batting: RHB Walt Numbers 0-0: Ball
1-0: Swinging Strike
1-1: Called Strike
1-2: Foul Ball, location: 2F
1-2: Fly out, F6 (Popup, 6M, EV 51.3 MPH)
Batting: RHB Ronald Rawnsley 0-0: Swinging Strike
0-1: Called Strike
0-2: Strikes out swinging
Batting: RHB Dave Mann 0-0: Called Strike
0-1: Ball
1-1: Called Strike
1-2: Foul Ball, location: 2F
1-2: Foul Ball, location: 2F
1-2: Foul Ball, location: 2F
1-2: Ball
2-2: Foul Ball, location: 2F
2-2: Strikes out swinging
Top of the 2nd over - 0 runs, 0 hits, 0 errors, 0 left on base; Richmond 0 - New Britain 4
BOTTOM OF THE 2ND
New Britain Rock Cats batting - Pitching for Richmond Flying Squirrels : LHP Ángel Rivera
Batting: LHB Edgar Soto 0-0: Swinging Strike
0-1: Ball
1-1: Foul Ball, location: 2F
1-2: Foul Ball, location: 2F
1-2: SINGLE (Line Drive, 34D, EV 94.4 MPH)
Batting: RHB Jim Unknown 0-0: Called Strike
0-1: Swinging Strike
0-2: Strikes out swinging
Batting: RHB Bill McKeown 0-0: Ball
1-0: Called Strike
1-1: Fielders Choice at 2nd, 6-4 (Groundball, 6M, EV 98.1 MPH)
Batting: RHB Brit Cherry 0-0: Ball
1-0: Called Strike
1-1: Ball
Bill McKeown steals 2nd base (no throw)
2-1: SINGLE (Line Drive, 5D, EV 98.1 MPH)
Bill McKeown to third
Runner from 3rd tries for Home, SAFE, throw by LF to home
Brit Cherry to second
Batting: RHB Matt Cole 0-0: DOUBLE (Line Drive, 7LS, EV 93.1 MPH)
Brit Cherry scores
Pitching: LHP Raúl Rodríguez
Batting: SHB Ramón Crus 0-0: Called Strike
0-1: Reached on error, E5 (Groundball, 56S, EV 90.0 MPH)
Matt Cole scores
Batting: RHB César Medina 0-0: Ball
1-0: Ball
Wild Pitch!
Ramón Crus to third
2-0: Called Strike
2-1: Swinging Strike
2-2: Ball
3-2: Ground out 6-3 (Groundball, 6, EV 87.5 MPH)
Bottom of the 2nd over - 3 runs, 3 hits, 1 error, 1 left on base; Richmond 0 - New Britain 7
TOP OF THE 3RD
Richmond Flying Squirrels batting - Pitching for New Britain Rock Cats : LHP Yoshiiku Mori
Batting: RHB Mike Burnett 0-0: Ball
1-0: Ball
2-0: Ball
3-0: Called Strike
3-1: Swinging Strike
3-2: Foul Ball, location: 2F
3-2: Base on Balls
Batting: RHB Frank Jackson 0-0: Ball
1-0: Swinging Strike
1-1: Ball
2-1: Reached on error, E6 (Groundball, 6, EV 88.1 MPH)
Mike Burnett to second
Batting: RHB Bob Adams 0-0: Ball
1-0: Swinging Strike
1-1: Called Strike
1-2: Strikes out swinging
Batting: LHB Kelvin Carroll 0-0: Foul Ball, location: 2F
0-1: Ball
1-1: Ball
2-1: SINGLE (Line Drive, 78S, EV 98.1 MPH)
Mike Burnett to third
Frank Jackson to second
Runner from 3rd tries for Home, throw by LF and OUT! 7-2
Batting: RHB Morihiro Tanaka 0-0: Called Strike
0-1: Ball
1-1: Called Strike
1-2: Ball
2-2: Strikes out swinging
Top of the 3rd over - 0 runs, 1 hit, 1 error, 2 left on base; Richmond 0 - New Britain 7
BOTTOM OF THE 3RD
New Britain Rock Cats batting - Pitching for Richmond Flying Squirrels : LHP Raúl Rodríguez
Batting: LHB Kenshin Yamanaka 0-0: Ball
1-0: Ball
2-0: Called Strike
2-1: Swinging Strike
2-2: Foul Ball, location: 2F
2-2: Foul Ball, location: 2F
2-2: Foul Ball, location: 2F
2-2: Foul Ball, location: 2F
2-2: Strikes out looking
Batting: RHB Reid O'Rourke 0-0: Called Strike
0-1: Ball
1-1: Ground out 5-3 (Groundball, 56S, EV 83.8 MPH)
Batting: LHB Edgar Soto 0-0: SINGLE (Flyball, 78S, EV 93.8 MPH)
Batting: RHB Jim Unknown 0-0: Ball
1-0: Ball
2-0: Foul Ball, location: 2F
2-1: Swinging Strike
2-2: Foul Ball, location: 2F
2-2: Strikes out looking
Bottom of the 3rd over - 0 runs, 1 hit, 0 errors, 1 left on base; Richmond 0 - New Britain 7
TOP OF THE 4TH
Richmond Flying Squirrels batting - Pitching for New Britain Rock Cats : LHP Yoshiiku Mori
Batting: LHB Ángel Castillo 0-0: Ball
1-0: Ball
2-0: Called Strike
2-1: Ground out 4-3 (Groundball, 4, EV 85.6 MPH)
Batting: RHB Walt Numbers 0-0: Ball
1-0: Ball
2-0: Called Strike
2-1: Called Strike
2-2: Strikes out swinging
Batting: RHB Ronald Rawnsley 0-0: Ball
1-0: Ball
2-0: Ball
3-0: Foul Ball, location: 2F
3-1: Called Strike
3-2: Base on Balls
Batting: RHB Dave Mann 0-0: Called Strike
0-1: Ball
1-1: Ball
2-1: Ball
3-1: Foul Ball, location: 2F
3-2: 2-RUN HOME RUN (Flyball, 7D, EV 101.9 MPH), Distance : 369 ft
Batting: RHB Mike Burnett 0-0: Ball
1-0: Swinging Strike
1-1: Foul Ball, location: 2F
1-2: Strikes out swinging
Top of the 4th over - 2 runs, 1 hit, 0 errors, 0 left on base; Richmond 2 - New Britain 7
BOTTOM OF THE 4TH
New Britain Rock Cats batting - Pitching for Richmond Flying Squirrels : LHP Raúl Rodríguez
Batting: RHB Bill McKeown 0-0: Ball
1-0: Ball
2-0: Swinging Strike
2-1: Foul Ball, location: 2F
2-2: Ball
3-2: Base on Balls
Batting: RHB Brit Cherry 0-0: Ball
1-0: Foul Ball, location: 2F
1-1: Swinging Strike
1-2: Ball
Wild Pitch!
Bill McKeown to second
2-2: Ball
3-2: Strikes out looking
Batting: RHB Matt Cole 0-0: Ball
1-0: Ball
2-0: 2-RUN HOME RUN (Line Drive, 78XD, EV 94.4 MPH), Distance : 397 ft
Batting: SHB Ramón Crus 0-0: Swinging Strike
0-1: Ball
1-1: Called Strike
1-2: Ball
2-2: Ball
3-2: DOUBLE (Line Drive, 9LM, EV 97.5 MPH)
Batting: RHB César Medina 0-0: Ball
1-0: Ball
2-0: 2-RUN HOME RUN (Flyball, 7D, EV 89.4 MPH), Distance : 367 ft
Batting: LHB Kenshin Yamanaka 0-0: Ball
1-0: Foul Ball, location: 2F
1-1: Called Strike
1-2: Strikes out looking
Batting: RHB Reid O'Rourke 0-0: Ball
1-0: Ball
2-0: Ball
3-0: Base on Balls
Batting: LHB Edgar Soto 0-0: Ball
1-0: Ball
2-0: Ball
3-0: Called Strike
3-1: Fly out, F9 (Flyball, 9, EV 81.3 MPH)
Bottom of the 4th over - 4 runs, 3 hits, 0 errors, 1 left on base; Richmond 2 - New Britain 11
TOP OF THE 5TH
Richmond Flying Squirrels batting - Pitching for New Britain Rock Cats : LHP Yoshiiku Mori
Pitching: LHP José Borges
Batting: RHB Frank Jackson 0-0: Called Strike
0-1: Ball
1-1: Ball
2-1: Ball
3-1: Fly out, F7 (Flyball, 7D, EV 97.5 MPH)
Batting: RHB Bob Adams 0-0: Ball
1-0: Ball
2-0: Swinging Strike
2-1: Swinging Strike
2-2: Ball
3-2: Strikes out swinging
Batting: LHB Kelvin Carroll 0-0: Called Strike
0-1: Ball
1-1: Ball
2-1: Swinging Strike
2-2: Ball
3-2: Ground out 5-3 (Groundball, 56S, EV 80.6 MPH)
Top of the 5th over - 0 runs, 0 hits, 0 errors, 0 left on base; Richmond 2 - New Britain 11
BOTTOM OF THE 5TH
New Britain Rock Cats batting - Pitching for Richmond Flying Squirrels : LHP Raúl Rodríguez
Batting: RHB Jim Unknown 0-0: Ground out 6-3 (Groundball, 6, EV 97.5 MPH)
Batting: RHB Bill McKeown 0-0: Ground out 1-3 (Groundball, P, EV 83.8 MPH)
Batting: RHB Brit Cherry 0-0: Called Strike
0-1: Ball
1-1: Called Strike
1-2: DOUBLE (Line Drive, 7LD, EV 110.0 MPH)
Pitching: RHP Walt Johnson
Batting: RHB Matt Cole 0-0: Ball
1-0: Ball
2-0: Foul Ball, location: 2F
2-1: Foul Ball, location: 2F
2-2: Strikes out swinging
Bottom of the 5th over - 0 runs, 1 hit, 0 errors, 1 left on base; Richmond 2 - New Britain 11
TOP OF THE 6TH
Richmond Flying Squirrels batting - Pitching for New Britain Rock Cats : LHP José Borges
Batting: RHB Morihiro Tanaka 0-0: Ball
1-0: Ball
2-0: Ground out 1-3 (Groundball, 13, EV 89.4 MPH)
Batting: LHB Ángel Castillo 0-0: SINGLE (Groundball, 56D, EV 95.6 MPH)
Batting: RHB Walt Numbers 0-0: Foul Ball, location: 2F
0-1: Ball
1-1: Called Strike
1-2: Foul Ball, location: 2F
1-2: Ball
2-2: Foul Ball, location: 2F
2-2: Ground out 5-3 (Groundball, 56S, EV 73.1 MPH)
Ángel Castillo to second
Batting: RHB Ronald Rawnsley 0-0: Ball
1-0: Ball
2-0: Foul Ball, location: 2F
2-1: Swinging Strike
2-2: Foul Ball, location: 2F
2-2: Ball
3-2: Base on Balls
Batting: RHB Dave Mann 0-0: Called Strike
0-1: Foul Ball, location: 2F
0-2: Ball
1-2: Foul Ball, location: 2F
1-2: Ball
2-2: Foul Ball, location: 2F
2-2: Fly out, F4 (Popup, 4, EV 56.3 MPH)
Top of the 6th over - 0 runs, 1 hit, 0 errors, 2 left on base; Richmond 2 - New Britain 11
BOTTOM OF THE 6TH
New Britain Rock Cats batting - Pitching for Richmond Flying Squirrels : RHP Walt Johnson
Batting: SHB Ramón Crus 0-0: Foul Ball, location: 2F
0-1: Ball
1-1: Ball
2-1: Ball
3-1: Called Strike
3-2: Foul Ball, location: 2F
3-2: Foul Ball, location: 2F
3-2: Fly out, F8 (Flyball, 89M, EV 95.0 MPH)
Batting: RHB César Medina 0-0: Foul Ball, location: 2F
0-1: Ball
1-1: Ball
2-1: Ball
3-1: Foul Ball, location: 2F
3-2: Foul Ball, location: 2F
3-2: Foul Ball, location: 2F
3-2: Base on Balls
Batting: LHB Kenshin Yamanaka 0-0: Called Strike
0-1: Foul Ball, location: 2F
0-2: Strikes out swinging
Batting: RHB Reid O'Rourke 0-0: Called Strike
0-1: Ball
1-1: Ball
2-1: Foul Ball, location: 2F
2-2: Ball
3-2: Ground out 1-3 (Groundball, 13, EV 67.5 MPH)
Bottom of the 6th over - 0 runs, 0 hits, 0 errors, 1 left on base; Richmond 2 - New Britain 11
TOP OF THE 7TH
Richmond Flying Squirrels batting - Pitching for New Britain Rock Cats : LHP José Borges
Batting: RHB Mike Burnett 0-0: Called Strike
0-1: Ball
1-1: Ball
2-1: Ball
3-1: Foul Ball, location: 2F
3-2: Foul Ball, location: 2F
3-2: SINGLE (Groundball, 34D, EV 94.4 MPH)
Pinch Hitting: RHB Gonzalo Hernández 0-0: Foul Ball, location: 2F
0-1: Ball
1-1: Ball
2-1: Foul Ball, location: 2F
2-2: Strikes out swinging
Batting: RHB Bob Adams 0-0: Ball
Passed Ball!
Mike Burnett to second
1-0: Ball
2-0: Ball
3-0: Base on Balls
Pitching: RHP Woody Walker
Pinch Hitting: RHB Dan Mooney 0-0: Called Strike
0-1: Called Strike
0-2: Foul Ball, location: 2F
0-2: Strikes out swinging
Pinch Hitting: RHB Erik Lips 0-0: Foul Ball, location: 2F
0-1: Ball
1-1: Foul Ball, location: 2F
1-2: Strikes out looking
Top of the 7th over - 0 runs, 1 hit, 0 errors, 2 left on base; Richmond 2 - New Britain 11
BOTTOM OF THE 7TH
New Britain Rock Cats batting - Pitching for Richmond Flying Squirrels : RHP Walt Johnson
Now at SS: Gonzalo Hernández
Now in CF: Dan Mooney
Now in RF: Erik Lips
Pinch Hitting: RHB José Torres 0-0: Ball
1-0: Ball
2-0: Fly out, F8 (Line Drive, 8RM, EV 105.6 MPH)
Batting: RHB Jim Unknown 0-0: Called Strike
0-1: Fly out, F8 (Flyball, 8RM, EV 90.6 MPH)
Pinch Hitting: RHB Alberto Morán 0-0: Fly out, F8 (Flyball, 8LM, EV 79.4 MPH)
Bottom of the 7th over - 0 runs, 0 hits, 0 errors, 0 left on base; Richmond 2 - New Britain 11
TOP OF THE 8TH
Richmond Flying Squirrels batting - Pitching for New Britain Rock Cats : RHP Woody Walker
Now in LF: José Torres
Now in CF: Alberto Morán
Pinch Hitting: SHB Lance Tucker 0-0: Ground out 5-3 (Groundball, 56, EV 103.1 MPH)
Pinch Hitting: LHB Jesús Ramírez 0-0: Foul Ball, location: 2F
0-1: Called Strike
0-2: Strikes out swinging
Batting: RHB Ronald Rawnsley 0-0: Ball
1-0: Foul Ball, location: 2F
1-1: Called Strike
1-2: Foul Ball, location: 2F
1-2: Foul Ball, location: 2F
1-2: Foul Ball, location: 2F
1-2: Ball
2-2: Fly out, F7 (Flyball, 7S, EV 76.9 MPH)
Top of the 8th over - 0 runs, 0 hits, 0 errors, 0 left on base; Richmond 2 - New Britain 11
BOTTOM OF THE 8TH
New Britain Rock Cats batting - Pitching for Richmond Flying Squirrels : RHP Walt Johnson
Now at 1B: Rich Morán
Now in LF: Lance Tucker
Batting: RHB Brit Cherry 0-0: Called Strike
0-1: Called Strike
0-2: Foul Ball, location: 2F
0-2: Ball
1-2: Strikes out looking
Pinch Hitting: RHB Emerson Delaney 0-0: Swinging Strike
0-1: Ball
1-1: Ball
2-1: Ball
3-1: Base on Balls
Pitching: RHP Justin Salazar
Batting: SHB Ramón Crus 0-0: Fielders Choice at 2nd, 3-6 (Groundball, 3, EV 85.0 MPH)
Batting: RHB César Medina 0-0: Ball
1-0: Foul Ball, location: 2F
1-1: DOUBLE (Line Drive, 8RXD, EV 102.5 MPH)
Ramón Crus to third
Runner from 3rd tries for Home, SAFE, no throw by CF
Batting: LHB Kenshin Yamanaka 0-0: Ground out U3 (Groundball, 3L, EV 93.1 MPH)
Bottom of the 8th over - 1 run, 1 hit, 0 errors, 1 left on base; Richmond 2 - New Britain 12
TOP OF THE 9TH
Richmond Flying Squirrels batting - Pitching for New Britain Rock Cats : RHP Woody Walker
Now in RF: Emerson Delaney
Pinch Hitting: RHB Lawrence González 0-0: Called Strike
0-1: Called Strike
0-2: Ball
1-2: Foul Ball, location: 2F
1-2: DOUBLE (Groundball, 3L, EV 103.8 MPH)
Batting: RHB Mike Burnett 0-0: Called Strike
0-1: Ball
1-1: Ball
2-1: Ball
3-1: Called Strike
3-2: Foul Ball, location: 2F
3-2: Foul Ball, location: 2F
3-2: SINGLE (Line Drive, 78M, EV 95.6 MPH)
Lawrence González to third
Batting: RHB Gonzalo Hernández 0-0: Ball
1-0: Ball
2-0: Ball
3-0: Base on Balls
Mike Burnett to second
Batting: RHB Bob Adams 0-0: Called Strike
0-1: Swinging Strike
0-2: Strikes out looking
Pinch Hitting: LHB Henry Sánchez 0-0: SINGLE (Flyball, 8RS, EV 93.8 MPH)
Lawrence González scores
Mike Burnett to third
Gonzalo Hernández to second
Batting: RHB Erik Lips 0-0: Fly out, F7 (Flyball, 7, EV 79.4 MPH)
Runner from 3rd tags up, SCORES, no throw by LF
Batting: SHB Lance Tucker 0-0: Foul Ball, location: 2F
0-1: Swinging Strike
0-2: Strikes out swinging
Top of the 9th over - 2 runs, 3 hits, 0 errors, 2 left on base; Richmond 4 - New Britain 12
Thursday, June 4th, 2020 - OOTP Baseball 20.8 Build 74